 Dungeon Crawl Stone Soup version 0.20-a0-441-g89e74e4 (webtiles) character file.

24 M4edhros the Grave Robber (level 3, -2/21 HPs)
             Began as an Octopode Necromancer on Jan 6, 2017.
             Slain by an adder (4 damage)
             ... on level 2 of the Dungeon.
             The game lasted 00:02:06 (534 turns).

M4edhros the Grave Robber (Octopode Necromancer)     Turns: 534, Time: 00:02:07

Health: -2/21      AC:  1    Str:  7    XL:     3   Next: 2%
Magic:  1/6        EV: 13    Int: 17    God:
Gold:   40         SH:  0    Dex: 13    Spells: 1/6 levels left

rFire  . . .     SeeInvis .       - Unarmed
rCold  . . .     Gourm    .     (no shield)
rNeg   . . .     Faith    .     (helmet restricted)
rPois  .         Spirit   .     g - amulet of magic regeneration
rElec  .         Reflect  .     k - ring of stealth
rCorr  .         Harm     .     (no ring)
MR     .....                    (no ring)
Stlth  ++++......               (no ring)
                                (no ring)
                                (no ring)
                                (no ring)
                                (no ring)

@: lethally poisoned (-2 -> -8)
A: almost no armour, stealthy swim, amphibious, 8 rings, constrict 8, camouflage
1, gelatinous body 1
a: no special abilities


You were on level 2 of the Dungeon.
You were not hungry.

You visited 1 branch of the dungeon, and saw 2 of its levels.

You collected 40 gold pieces.

Inventory:

Jewellery
 g - an amulet of magic regeneration (around mantle)
 k - a ring of stealth (left tentacle)
Scrolls
 e - a scroll of amnesia {unknown}
 f - a scroll of random uselessness {unknown}
 h - a scroll of blinking {unknown}
 j - 3 scrolls of identify {unknown}
 l - a scroll of teleportation {unknown}
Potions
 d - a potion of flight {unknown}
 i - a potion of lignification {unknown}
Books
 a - a book of Necromancy

   Spells                             Type                      Level
   a - Pain                           Necromancy                   1
   b - Animate Skeleton               Necromancy                   1
   c - Vampiric Draining              Necromancy                   3
   d - Regeneration                   Charms/Necromancy            3
   e - Animate Dead                   Necromancy                   4
   f - Control Undead                 Necromancy                   4
Comestibles
 b - 2 bread rations


   Skills:
 - Level 2.0 Dodging
 - Level 2.6 Stealth
 + Level 2.5 Unarmed Combat
 - Level 2.0 Spellcasting
 - Level 4.0 Necromancy


You had one spell level left.
You knew the following spells:

 Your Spells              Type           Power        Failure   Level  Hunger
a - Pain                  Necr           ###.         3%          1    #......
b - Animate Skeleton      Necr           N/A          3%          1    #......
c - Regeneration          Chrm/Necr      #.........   24%         3    ###....


Dungeon Overview and Level Annotations

Branches:
Dungeon (2/15)

Altars:
Vehumet


Innate Abilities, Weirdness & Mutations

You cannot wear most types of armour.
You are very stealthy in the water. (Stealth+)
You are amphibious.
You can wear up to eight rings at the same time.
You can use your tentacles to constrict eight enemies at once.
Your skin changes colour to match your surroundings (Stealth+).
Your rubbery body absorbs attacks. (AC +1, EV +1)


Message History

Casting: Regeneration
Confirm with . or Enter, or press ? or * to list all spells.
You miscast Regeneration.
You are very lightly contaminated with residual magic.
Strange energies run through your body. The adder misses you.
Okay, then.
You barely miss the adder. Your grab misses the adder.
The adder is heavily wounded.
The adder barely misses you. The adder bites you.
* * * LOW HITPOINT WARNING * * *
You are poisoned.
The adder poisons you!
It was a potion of cancellation.
Your magical effects are unravelling.
You feel magically purged.
Your magical contamination has completely faded away.
Your skin stops crawling.
* * * LOW HITPOINT WARNING * * *
You feel sick. The adder bites you.
You die...

..## $.. .. ..
#...####.#
.........# #.# #.#
#.# ##S# #.# #@##
#.# ##.## ####
####.## ##.#
...######..... ##_##
#......##.##.###.##
#.<###.##.##...##.##
#.## #........###.#
..# #.#.#....##.##
..#
#.#.......#.#####


You could see an adder.

Vanquished Creatures
  An adder (D:2)
  A leopard gecko (D:2)
  A giant cockroach (D:2)
  A hobgoblin (D:2)
  A quokka (D:2)
  2 bats
  2 frilled lizards (D:2)
  5 goblins
  A rat (D:2)
15 creatures vanquished.

Notes
Turn   | Place    | Note
-------+----------+-------------------------------------------
     0 | D:1      | M4edhros the Octopode Necromancer began the quest for the Orb.
     0 | D:1      | Reached XP level 1. HP: 11/11 MP: 3/3
   192 | D:2      | Reached skill level 1 in Unarmed Combat
   246 | D:2      | Reached XP level 2. HP: 11/17 MP: 3/5
   335 | D:2      | Found a radiant altar of Vehumet.
   482 | D:2      | Reached XP level 3. HP: 11/21 MP: 3/6
   485 | D:2      | Learned a level 1 spell: Animate Skeleton
   489 | D:2      | Learned a level 3 spell: Regeneration
   514 | D:2      | Found a faded altar of an unknown god.
   534 | D:2      | Slain by an adder

Vault maps used:
D:1:      dpeg_arrival_simpleton_c
D:2:      wad_crossroads, vehumet_crystals, first_bread,
          chequers_ecumenical_altar_twisty

Skill      XL: |  1  2 |
---------------+-------+-----
Unarmed Combat | 1 2 |  2.5
Dodging        | |  2.0
Stealth        | |  2.6
Spellcasting   | |  2.0
Necromancy     | |  4.0

Action                   || total
-------------------------++-------
Melee: Unarmed           ||    18
       Constrict         ||     3
       Tentacles         ||     3
 Cast: Pain              ||    19
       Regeneration      ||     2
  Use: Potion            ||     1
 Stab: Sleeping          ||     2
Armor: Skin              ||     3
Dodge: Dodged            ||    17
